 Dungeon Crawl Stone Soup version 0.28.0-49-g6dfe1f597d (webtiles) character file.

Game seed: 7770080603234496682

10808 nickcage the Slicer (level 11, -5/54 HPs)
             Began as a Spriggan Enchanter on May 11, 2022.
             Was a Believer of Dithmenos.
             Slain by a naga
             ... wielding a +0 flail
              (20 damage)
             ... on level 2 of the Lair of Beasts on May 12, 2022.
             The game lasted 00:59:53 (16614 turns).

nickcage the Slicer (Spriggan Enchanter)           Turns: 16614, Time: 00:59:54

Health: -5/54      AC:  4    Str:  4    XL:     11   Next: 41%
Magic:  11/21      EV: 17    Int: 21    God:    Dithmenos [**....]
Gold:   510        SH:  0    Dex: 16    Spells: 10/22 levels left

rFire   . . .      SeeInvis +   v - +4 rapier (spect)
rCold   . . .      Faith    .   (no shield)
rNeg    . . .      Spirit   .   b - +0 robe
rPois   .          Reflect  .   (helmet restricted)
rElec   .          Harm     .   s - +1 cloak
rCorr   .          Rampage  .   (gloves unavailable)
Will    +....                   (boots unavailable)
Stlth   +++++.....              (no amulet)
HPRegen 0.18/turn               (no ring)
MPRegen 0.17/turn               (no ring)

@: lethally poisoned (-5 -> -13), very slightly contaminated, wreathed by umbra,
very quick
A: very small, no large weapons, unfitting armour, see invisible, speed 3
a: Renounce Religion, Shadow Step


You were on level 2 of the Lair of Beasts.
You worshipped Dithmenos.
Dithmenos was pleased with you.
You visited 3 branches of the dungeon, and saw 14 of its levels.
You also visited: Sewer and Gauntlet.

You collected 732 gold pieces.
You spent 222 gold pieces at shops.

Inventory:

Hand Weapons
 v - a +4 spectral rapier (weapon)
 A - the +4 long sword of Fundamental Breach {vorpal, rElec Int+4}
   (You found it on level 7 of the Dungeon)

   It inflicts extra damage upon your enemies.
   Int:       It affects your intelligence (+4).
   rElec:     It insulates you from electricity.
Missiles
 u - a throwing net
Armour
 b - a +0 robe (worn)
 o - a +0 buckler
 s - a +1 cloak (worn)
Wands
 h - a wand of acid (6)
 i - a wand of iceblast (8)
 B - a wand of flame (4)
Scrolls
 a - 2 scrolls of vulnerability
 e - 7 scrolls of teleportation
 g - a scroll of summoning
 j - a scroll of identify
 l - 2 scrolls of amnesia
 x - 3 scrolls of fear
 D - a scroll of brand weapon
Potions
 c - 2 potions of invisibility
 d - a potion of ambrosia
 f - a potion of degeneration
 k - 4 potions of lignification
 m - 5 potions of magic
 n - a potion of attraction
 p - 2 potions of brilliance
 q - 2 potions of heal wounds
 r - a potion of might
 t - a potion of berserk rage
 w - 2 potions of haste
 z - 8 potions of curing
 C - a potion of cancellation
 E - a potion of mutation


   Skills:
 * Level 4.3 Fighting
 - Level 14.0 Short Blades
 - Level 2.6 Dodging
 + Level 8.6 Stealth
 - Level 6.0 Spellcasting
 + Level 9.6 Hexes
 - Level 3.0 Transmutations
 * Level 4.5 Poison Magic
 - Level 2.1 Invocations


You had 10 spell levels left.
You knew the following spells:

 Your Spells              Type           Power      Damage    Failure   Level
a - Ensorcelled Hibernat  Hex/Ice        52%        N/A       1%          2
b - Dazzling Flash        Conj/Hex       52%        N/A       4%          3
c - Sting                 Tmut/Pois      88%        1d7       1%          1
d - Poisonous Vapours     Pois/Air       30%        N/A       6%          2
e - Olgreb's Toxic Radia  Pois           25%        N/A       16%         4

Your spell library contained the following spells:

 Spells                   Type           Power      Damage    Failure   Level
 Confusing Touch          Hex            46%        N/A       1%          3
 Tukima's Dance           Hex            46%        N/A       1%          3
 Animate Skeleton         Necr           12%        N/A       10%         1
 Apportation              Tloc           12%        N/A       10%         1
 Pain                     Necr           24%        1d5       10%         1
 Summon Small Mammal      Summ           24%        N/A       10%         1
 Animate Dead             Necr           3%         N/A       67%         4
 Agony                    Necr           6%         N/A       95%         5
 Excruciating Wounds      Necr           3%         N/A       95%         5
 Haunt                    Necr/Summ      3%         N/A       100%        7
 Infestation              Necr           3%         N/A       100%        8


Dungeon Overview and Level Annotations

Branches:
Dungeon (11/15)            Temple (1/1) D:5            Lair (2/6) D:9
  Snake (0/4) Lair:2        Sewer (visited)         Gauntlet (visited)
  Swamp: Lair:2-4    Shoals: Lair:2-4       Orc: D:9-12

Altars:
Ashenzari
Cheibriados
Dithmenos
Elyvilon
Fedhas
Gozag
Hepliaklqana
Kikubaaqudgha
Makhleb
Nemelex Xobeh
Okawaru
Qazlal
Ru
Sif Muna
Trog
Uskayaw
Vehumet
Wu Jian
Xom
Yredelemnul
Zin
The Shining One

Shops:
D:5 *   D:11 ?

Annotations:
D:5 1 runed translucent door, Jingleheimer's ghost, amateur FoFi


Innate Abilities, Weirdness & Mutations

You are very small and have problems with some larger weapons.
You are too small for most types of armour.
You have supernaturally acute eyesight. (SInv)
You cover ground extremely quickly. (Speed+++)


Message History

A bullfrog comes into view. 3 nagas come into view.
Found a staircase to the Snake Pit.
The naga shouts! x2
The naga spits poison at you.
The splash of poison hits you but does no damage.
You are poisoned.
You feel sick.
You feel sick.
You feel sick.
You feel sick.
You feel sick.
You feel sick.
You are no longer poisoned.
You miscast Ensorcelled Hibernation.
You are very lightly contaminated with residual magic.
Nothing appears to happen.
The naga resists with some effort.
The naga hits you with a +0 glaive! The naga barely misses you.
The naga completely misses you. The naga misses you.
The naga resists with some effort.
The naga closely misses you. x2
The naga hits you with a +0 flail! The naga closely misses you.
The naga resists with some effort.
The naga spits poison at you. The splash of poison hits you.
You are poisoned.
The naga spits poison at you. The splash of poison misses you.
You are too injured to fight recklessly!
Aiming: Ensorcelled Hibernation (safe; 1% risk of failure)
Press: ? - help, Q - select action, (/) - cycle Shift-Dir - straight line, f/p - naga
Aim: a naga, wielding a +0 flail (umbra, chance to affect: 39%)
The naga resists with some effort.
You feel sick. The naga spits poison at you. The splash of poison hits you!
You are more poisoned.
* * * LOW HITPOINT WARNING * * *
The naga hits you with a +0 flail!!
You die...

.............#...N...#
.............#.F.>...#
.............#.......#
.............#.N###..#
#.#..........##.N...#
#..##...#.#...#.....#
P ..#
###.###...##...## ...
.. ### #....##N##..#..
#.....@N.......
#..............
#...........#.#
#####.#....#...
##......... .....#P#.
#....### ##...#


You could see 2 nagas.

Vanquished Creatures
  A two-headed ogre (D:11)
  An ugly thing (D:11)
  Joseph (D:8)
  2 cane toads (Lair:1)
  A komodo dragon (Lair:1)
  An unseen horror (D:10)
  A rime drake (Lair:2)
  A troll (D:11)
  A hornet (D:9)
  2 shadows
  16 yaks
  2 wyverns
  A basilisk (Lair:1)
  Eustachio (D:4)
  4 water moccasins
  A sky beast (D:6)
  An orc warrior (D:9)
  An ice beast (D:7)
  2 black bears
  2 necrophages
  2 ogres
  5 centaurs
  4 kobold brigands
  4 scorpions
  4 bullfrogs
  A gnoll sergeant (D:7)
  A water moccasin zombie (D:6)
  A water moccasin skeleton (D:6)
  9 killer bees
  9 wights
  3 howler monkeys (D:10)
  2 centaur zombies
  2 hounds
  3 jellies
  5 orc priests
  2 gnoll shamans
  Crazy Yiuf (D:3)
  Ijyb (D:4)
  4 iguanas
  8 orc wizards
  Robin (D:3)
  12 gnolls
  A howler monkey zombie (D:6)
  8 adders
  5 river rats
  An ufetubus (D:5)
  An adder skeleton (D:4)
  3 worms (D:2)
  2 dart slugs
  29 orcs
  9 bats
  6 endoplasms
  8 giant cockroaches
  15 goblins
  10 hobgoblins
  7 jackals
  5 quokkas
  6 ball pythons
  5 frilled lizards
  30 kobolds
  18 rats
296 creatures vanquished.

Vanquished Creatures (others)
  5 fungi
  9 plants (Gauntlet)
  17 withered plants (Gauntlet)
31 creatures vanquished.

Grand Total: 327 creatures vanquished

Notes
Turn   | Place    | Note
-------+----------+-------------------------------------------
     0 | D:1      | nickcage the Spriggan Enchanter began the quest for the
                  | Orb.
     0 | D:1      | Reached XP level 1. HP: 9/9 MP: 5/5
    49 | D:1      | Found a faded altar of an unknown god.
   841 | D:1      | Reached XP level 2. HP: 11/13 MP: 2/6
   849 | D:1      | Learned a level 2 spell: Ensorcelled Hibernation
  1885 | D:2      | Reached skill level 5 in Hexes
  1898 | D:2      | Reached XP level 3. HP: 13/16 MP: 2/8
  2259 | D:2      | You fall into a shaft and drop 2 floors!
  2364 | D:4      | Noticed a centaur
  2375 | D:4      | Noticed a scorpion
  2486 | D:2      | Reached XP level 4. HP: 21/21 MP: 2/9
  2837 | D:2      | Reached skill level 2 in Short Blades
  3316 | D:3      | Reached XP level 5. HP: 24/24 MP: 5/10
  3733 | D:3      | Found an ornate altar of the Wu Jian Council.
  4044 | D:3      | Found a runed translucent door.
  4045 | D:3      | Noticed Crazy Yiuf
  4122 | D:3      | Killed Crazy Yiuf
  4123 | D:3      | Reached skill level 3 in Short Blades
  4177 | D:4      | Noticed an ogre
  4376 | D:3      | Killed an ogre
  4377 | D:3      | Reached skill level 4 in Short Blades
  4377 | D:3      | Reached XP level 6. HP: 28/28 MP: 8/11
  4401 | D:4      | Noticed Robin
  4522 | D:3      | Reached skill level 5 in Short Blades
  4658 | D:4      | Reached skill level 6 in Short Blades
  5041 | D:3      | Killed Robin
  5369 | D:4      | Reached XP level 7. HP: 32/32 MP: 7/12
  5376 | D:4      | Reached skill level 7 in Short Blades
  5687 | D:4      | Noticed Ijyb
  5722 | D:4      | Killed Ijyb
  5889 | D:4      | Reached skill level 8 in Short Blades
  5962 | D:4      | Found a glowing golden altar of the Shining One.
  6016 | D:4      | Noticed Eustachio
  6025 | D:4      | Killed Eustachio
  6087 | D:5      | Entered Level 5 of the Dungeon
  6090 | D:5      | Found a runed translucent door.
  6204 | D:5      | Reached skill level 9 in Short Blades
  6204 | D:5      | Reached XP level 8. HP: 27/36 MP: 13/13
  6308 | D:5      | Found Dint's Overcharged Wands.
  6438 | D:5      | Found a staircase to the Ecumenical Temple.
  6453 | Temple   | Entered the Ecumenical Temple
  6602 | D:5      | Noticed Jingleheimer's ghost (amateur FoFi)
  6688 | D:5      | Reached skill level 10 in Short Blades
  6950 | D:6      | Found a glowing drain.
  6955 | Sewer    | Entered a sewer
  8189 | D:6      | Reached skill level 11 in Short Blades
  8476 | D:6      | Found a sacrificial altar of Ru.
  8681 | D:7      | Reached XP level 9. HP: 39/39 MP: 7/14
  8688 | D:7      | Reached skill level 12 in Short Blades
  9197 | D:7      | Identified the +4 long sword of Fundamental Breach {vorpal,
                  | rElec Int+4}
  9811 | D:8      | Noticed Joseph
  9822 | D:8      | Killed Joseph
  9823 | D:8      | Reached skill level 13 in Short Blades
 10184 | D:8      | Found an opulent altar of Gozag.
 10205 | D:8      | Reached skill level 14 in Short Blades
 10256 | D:7      | Reached skill level 1 in Fighting
 10452 | D:8      | Reached XP level 10. HP: 46/46 MP: 11/17
 10456 | D:8      | Learned a level 3 spell: Dazzling Flash
 10458 | D:8      | Learned a level 1 spell: Sting
 10461 | D:8      | Learned a level 2 spell: Poisonous Vapours
 10530 | D:8      | Found a shadowy altar of Dithmenos.
 10566 | D:8      | Reached skill level 1 in Transmutations
 10569 | D:8      | Became a worshipper of Dithmenos the Shadowed
 10796 | D:8      | Reached skill level 1 in Poison Magic
 11362 | D:9      | Found a staircase to the Lair.
 11473 | D:9      | Reached skill level 5 in Spellcasting
 11681 | D:9      | Reached skill level 1 in Invocations
 11727 | D:9      | Reached * piety under Dithmenos
 12188 | D:10     | Entered Level 10 of the Dungeon
 12724 | D:10     | Found a radiant altar of Vehumet.
 12735 | D:10     | Found an ancient bone altar of Kikubaaqudgha.
 12746 | D:10     | Found a shimmering blue altar of Sif Muna.
 13176 | D:10     | Reached skill level 5 in Stealth
 13461 | D:10     | Reached ** piety under Dithmenos
 13969 | D:11     | Noticed a two-headed ogre
 14393 | D:11     | Killed a two-headed ogre
 14462 | D:11     | Found Ykaeru Kuid's Magic Scroll Shoppe.
 14470 | D:11     | Bought a scroll of fear for 42 gold pieces
 14470 | D:11     | Bought a scroll of enchant weapon for 90 gold pieces
 14470 | D:11     | Bought a scroll of enchant weapon for 90 gold pieces
 14491 | D:11     | Reached XP level 11. HP: 53/53 MP: 18/21
 14909 | D:11     | Noticed a brown ugly thing
 14910 | D:11     | Noticed a white ugly thing
 14945 | D:11     | Killed a brown ugly thing
 15122 | Lair:1   | Entered Level 1 of the Lair of Beasts
 15224 | Lair:1   | Learned a level 4 spell: Olgreb's Toxic Radiance
 15308 | Lair:1   | Found a gate leading to a gauntlet.
 15317 | Gauntlet | Entered a Gauntlet
 15317 | Gauntlet | Found a transporter.
 15317 | Gauntlet | Found a transporter.
 15317 | Gauntlet | Found a transporter.
 15321 | Gauntlet | Found a transporter.
 15321 | Gauntlet | Found a transporter.
 15334 | Gauntlet | Noticed a swamp dragon
 15341 | Gauntlet | Found a transporter.
 15341 | Gauntlet | Noticed a minotaur
 15343 | Gauntlet | Noticed a two-headed ogre
 15343 | Gauntlet | a snapping turtle changed into a two-headed ogre
 15353 | Gauntlet | Noticed a shining eye
 15353 | Gauntlet | a two-headed ogre changed into a shining eye
 15353 | Gauntlet | a swamp dragon changed into a guardian serpent
 15356 | Gauntlet | Noticed a sea snake
 15356 | Gauntlet | a shining eye changed into a sea snake
 15369 | Gauntlet | Noticed a swamp dragon
 15369 | Gauntlet | a sea snake changed into a swamp dragon
 15402 | Gauntlet | Found a transporter.
 15416 | Gauntlet | Found a transporter.
 15422 | Gauntlet | Noticed a catoblepas
 15427 | Gauntlet | Found a transporter.
 15441 | Gauntlet | Found a transporter.
 15454 | Gauntlet | Noticed a fire crab
 15458 | Gauntlet | Found a transporter.
 15466 | Gauntlet | Found a transporter.
 15480 | Gauntlet | Noticed a lindwurm
 15513 | Gauntlet | Noticed a deep troll
 15516 | Gauntlet | Noticed a deep troll
 15516 | Gauntlet | a redback changed into a deep troll
 16598 | Lair:2   | Found a staircase to the Snake Pit.
 16614 | Lair:2   | Slain by a naga

Illustrated notes

Levels and vault maps discovered:
D:1:      scummos_arrival_forest, layout_loops_ring,
          hellmonk_ecumenical_altar_heavens_door
D:2:      layout_rooms
D:3:      layout_basic, pdpol_wu_jian_five_deadly_venoms, chequers_garden,
          uniq_crazy_yiuf_cottage
D:4:      minmay_recursive_quarters, layout_cave_pools, tso_oasis_becter,
          nrook_mini_vaults, uniq_ijyb, uniq_eustachio, uniq_robin
D:5:      layout_gridville, minmay_temple_entry_wispy, ebering_ghost_sewer_d,
          st_stairs_10, nicolae_shop_overcharged_wands
D:6:      layout_basic, mainiacjoe_overflow_alcove_1, gup_sewer_entry_spiral
D:7:      layout_layer_cave, st_stairs_5
D:8:      layout_basic, kennysheep_little_box, mainiacjoe_overflow_catwalk,
          minivault_11, uniq_joseph
D:9:      layout_small_grid, lair_entry_dummy
D:10:     layout_stronghold, palyth_temple_overflow_mages, minmay_hedge_maze
D:11:     layout_basic, serial_shops, shop, minmay_evil_grid
Temple:   jpeg_temple_clearing
Lair:1:   layout_cave_pods, gauntlet_entry_generic, minivault_23
Lair:2:   layout_gridlike, minmay_snake_entry_guardpost_medium,
          grunt_megastairs_3, serial_bayou_shore_b, serial_bayou_shore_b

Skill      XL: |  1  2  3  4  5  6  7  8  9 10 11 |
---------------+----------------------------------+-----
Hexes          | 4 5 6 8 9 |  9.6
Spellcasting   | 3 4 6 |  6.0
Short Blades   | 2 4 6 9 11 14 | 14.0
Fighting       | 2 3 4 |  4.3
Transmutations | 3 |  3.0
Poison Magic   | 3 4 |  4.5
Invocations    | 2 |  2.1
Stealth        | 5 8 |  8.6
Dodging        | |  2.6

Action                   |  1- 3 |  4- 6 |  7- 9 | 10-12 || total
-------------------------+-------+-------+-------+-------++-------
Melee: Dagger            |   142 |   111 |     7 |       ||   260
       Punch             |     2 |       |     2 |     2 ||     6
       Rapier            |       |       |   231 |   172 ||   403
 Cast: Ensorcelled Hiber |    20 |    59 |    64 |    85 ||   228
       Sting             |       |       |       |    14 ||    14
       Poisonous Vapours |       |       |       |     4 ||     4
Evoke: Wand              |       |       |       |     3 ||     3
  Use: Scroll            |       |       |    17 |    12 ||    29
       Potion            |       |       |     1 |       ||     1
 Stab: Sleeping          |    21 |    43 |    54 |    59 ||   177
       Distracted        |       |       |     4 |     1 ||     5
Armor: Robe              |    17 |    19 |    15 |    13 ||    64
Dodge: Dodged            |   102 |   123 |   125 |   128 ||   478
